AoeStats
← aya

Arabia

503758553Analyzed
1v1 RM · 1mo ago on Sep 2, 2026· 31m 11s· 2 players
Game mode
Random Map
Map size
Tiny (2 player)
Population
200
Speed
Normal
Resources
Standard
Victory
Conquest
Starting age
Dark Age
Ending age
Imperial Age
RankedLock teamsTeams togetherTeam positionsShared explorationLock speedFull tech treeHidden civsTurbo modeCheats
Victory
Defeat
🇦🇷 Mongols · Argentina
923
+15
🇦🇷 Franks · Argentina
900
-15
aya
10:05 Feudal Age
11:15 Loom
11:49 Double-Bit Axe
12:40 Gold Mining
19:15 Stone Mining
22:02 Castle Age
21:32 Forging
21:33 Scale Barding Armor
23:10 Bow Saw
23:51 Gold Shaft Mining
23:41 Chain Barding Armor
24:09 Wheelbarrow
23:50 Town Watch
26:15 Squires
28:53 Hand Cart
29:47 Pikeman
31:29 Iron Casting
danigomezrinaldi
10:26 Loom
12:51 Feudal Age
17:48 Castle Age
15:35 Double-Bit Axe
15:43 Horse Collar
18:06 Gold Mining
18:50 Bow Saw
18:56 Heavy Plow
20:33 Wheelbarrow
20:48 Husbandry
22:40 Stone Mining
27:20 Hand Cart
28:27 Gold Shaft Mining
28:11 Bloodlines
29:00 Town Watch
30:19 Scale Barding Armor
30:24 Forging
Connection lost

Rejoining the realm…

Still unreachable

The connection could not be restored.

Session expired

The server has moved on; the page needs a fresh start.